 Dungeon Crawl Stone Soup version 0.24-a0-530-g18ba70b503 (webtiles) character file.

Game seed: 11403865829213217188

249 Mithandil the Shield-Bearer (level 5, -2/46 HPs)
             Began as a Minotaur Fighter on Aug 8, 2019.
             Slain by a human zombie (6 damage)
             ... in an ossuary.
             The game lasted 00:19:17 (2632 turns).

Mithandil the Shield-Bearer (Minotaur Fighter)      Turns: 2632, Time: 00:19:18

Health: -2/46      AC: 10    Str: 26    XL:     5   Next: 86%
Magic:  4/4        EV:  7    Int:  5    God:
Gold:   156        SH: 10    Dex: 10    Spells: 4/4 levels left

rFire    . . .     SeeInvis .   a - +0 mace (venom)
rCold    . . .     Gourm    .   c - +0 shield
rNeg     . . .     Faith    .   x - +0 chain mail
rPois    +         Spirit   .   (helmet restricted)
rElec    .         Reflect  .   (no cloak)
rCorr    .         Harm     .   (no gloves)
MR       .....                  u - +0 pair of boots
Stlth    ..........             (no amulet)
HPRegen  0.15/turn              t - ring of poison resistance
MPRegen  0.09/turn              (no ring)

@: mighty, marked
A: retaliatory headbutt, horns 2
a: no special abilities


You were in an ossuary.
You were very hungry.

You visited 1 branch of the dungeon, and saw 5 of its levels.
You also visited: Ossuary.

You collected 156 gold pieces.

Inventory:

Hand Weapons
 a - a +0 mace of venom (weapon)
 b - a +0 hunting sling
 q - a +0 war axe
 y - a +0 trident
Missiles
 h - 172 stones
 o - 14 poisoned darts
 v - 7 curare-tipped darts (quivered)
Armour
 c - a +0 shield (worn)
 u - a +0 pair of boots (worn)
 x - a +0 chain mail (worn)
Jewellery
 t - a ring of poison resistance (left hand)
Wands
 z - a wand of iceblast (6)
Scrolls
 e - 3 scrolls of teleportation
 i - a scroll of remove curse {unknown}
 m - a scroll of fog {unknown}
 n - a scroll of fear {unknown}
 r - a scroll of random uselessness {unknown}
 w - a scroll of enchant armour {unknown}
Potions
 g - a potion of lignification {unknown}
 j - a potion of agility
 k - a potion of magic {unknown}
 l - 4 potions of curing {unknown}
 p - a potion of haste {unknown}
 s - a potion of brilliance {unknown}
 A - a potion of ambrosia {unknown}
Comestibles
 f - 7 rations


   Skills:
 + Level 4.2 Fighting
 - Level 3.2(3.7) Axes
 * Level 2.3(3.1) Maces & Flails
 + Level 1.0(2.2) Polearms
 + Level 1.4(2.0) Slings
 + Level 1.6(1.9) Throwing
 + Level 4.3 Armour
 + Level 1.5 Dodging
 * Level 5.0 Shields


You had 4 spell levels left.
You didn't know any spells.
Your spell library was empty.

Dungeon Overview and Level Annotations

Branches:
Dungeon (5/15)
 Temple: D:4-7

Altars:


Innate Abilities, Weirdness & Mutations

You reflexively headbutt those who attack you in melee.
You have a pair of horns on your head.


Message History

Your headbutt misses the centaur zombie.
The centaur zombie is almost destroyed.
The centaur zombie barely misses you. You furiously retaliate!
You headbutt the centaur zombie!
You destroy the centaur zombie!
Your base Polearms skill increases to level 1!
Your Shields skill increases to level 5!
You block the human zombie's attack.
The big kobold zombie barely misses you.
You barely miss the human zombie. Your headbutt misses the human zombie.
The human zombie hits you.
* * * LOW HITPOINT WARNING * * *
You block the human zombie's attack.
The big kobold zombie hits you but does no damage.
You sock the human zombie! You headbutt the human zombie!!
The human zombie is heavily damaged.
The human zombie hits you.
* * * LOW HITPOINT WARNING * * *
The human zombie hits you.
You die...

#...# #.......#...#
#...# #.......#...#
#...#.####.......#...#
#...#ZZ...ZZZ.Z..#...#
#...#.####ZZ####.#...#
#...# #ZZ# #...# #...#
#MZ# #...#
#...######ZZ######...#
#........@ZZ.........#
#........8Z.8........#
#....................#
#....................#
######################


You could see a mummy, 4 hobgoblin zombies, a kobold zombie, 2 big kobold
zombies, an orc zombie, 2 elf zombies and 3 human zombies.

Vanquished Creatures
  2 centaur zombies (Ossuary)
  A hound (D:3)
  A mummy (Ossuary)
  3 gnolls (D:3)
  2 adders
  An adder zombie (Ossuary)
  2 worms
  3 dart slugs
  3 leopard geckos
  An orc (D:3)
  3 giant cockroaches
  12 goblins
  6 hobgoblins
  A quokka (D:5)
  6 bats
  4 frilled lizards
  7 hobgoblin zombies (Ossuary)
  8 kobolds
  6 kobold zombies (Ossuary)
  7 orc zombies (Ossuary)
  9 rats
  A rat zombie (Ossuary)
89 creatures vanquished.

Notes
Turn   | Place    | Note
-------+----------+-------------------------------------------
     0 | D:1      | Mithandil the Minotaur Fighter began the quest for the Orb.
     0 | D:1      | Reached XP level 1. HP: 19/19 MP: 0/0
   233 | D:1      | Reached XP level 2. HP: 27/27 MP: 1/1
   358 | D:1      | Reached skill level 4 in Shields
   576 | D:1      | Reached XP level 3. HP: 25/33 MP: 2/2
  1230 | D:2      | Reached skill level 1 in Dodging
  1234 | D:2      | Reached skill level 1 in Throwing
  1744 | D:3      | Reached XP level 4. HP: 37/40 MP: 3/3
  1757 | D:3      | Reached skill level 1 in Maces & Flails
  2158 | D:3      | Reached skill level 1 in Slings
  2158 | D:3      | Reached XP level 5. HP: 37/46 MP: 4/4
  2269 | D:5      | Entered Level 5 of the Dungeon
  2474 | D:5      | Found a sand-covered staircase.
  2484 | Ossuary  | Entered an ossuary
  2630 | Ossuary  | Reached skill level 1 in Polearms
  2630 | Ossuary  | Reached skill level 5 in Shields
  2632 | Ossuary  | Slain by a human zombie

Levels and vault maps discovered:
D:1:      denvon_arrival_waterhouse, layout_loops_ring
D:2:      layout_rooms
D:3:      layout_basic, serial_park_tiny_pond
D:4:      layout_rooms, kennysheep_mini, kennysheep_okawaru_gauntlet,
          serial_shops, shop, gammafunk_ghost_stat_death, uniq_eustachio
D:5:      layout_loops_ring, amethyst_overflow_temple_binary,
          lightli_ossuary_entry_decrepit_ruins, first_ration,
          kennysheep_generic_room_11
Ossuary:  ossuary_tomb_1

Skill      XL: |  1  2  3  4  5 |
---------------+----------------+-----
Shields        | 4 5 |  5.0
Axes           | 3 |  3.2
Dodging        | 1 |  1.5
Throwing       | 1 |  1.6
Armour         | 4 |  4.3
Maces & Flails | 1 2 |  2.3
Fighting       | 4 |  4.2
Slings         | 1 |  1.4
Polearms       | 1 |  1.0

Action                   |  1- 3 |  4- 6 || total
-------------------------+-------+-------++-------
Melee: War axe           |    96 |       ||    96
       Headbutt          |    16 |    23 ||    39
       Mace              |    28 |   121 ||   149
 Fire: Hunting sling     |     2 |       ||     2
  Use: Scroll            |     2 |     1 ||     3
       Potion            |       |     1 ||     1
  Eat: Chunk             |     3 |     2 ||     5
Armor: Scale mail        |    68 |     1 ||    69
       Chain mail        |       |    50 ||    50
Dodge: Dodged            |    31 |    40 ||    71
Block: Shield            |    74 |    80 ||   154

Table legend:
 A = Non-vault XP
 B = Vault XP
 C = Vault XP percentage of total XP
 D = Non-vault monster count
 E = Vault monster count
 F = Vault count percentage of total count
                 A         B        C        D         E       F
            +---------+---------+-------+---------+---------+-------
      Total |     218 |     138 |  38.8 |      64 |      25 |  28.1
            +---------+---------+-------+---------+---------+-------
        D:1 |      47 |       0 |   0.0 |      27 |       0 |   0.0
        D:2 |      38 |       0 |   0.0 |      14 |       0 |   0.0
        D:3 |     131 |       0 |   0.0 |      22 |       0 |   0.0
        D:5 |       2 |       0 |   0.0 |       1 |       0 |   0.0
    Ossuary |       0 |     138 | 100.0 |       0 |      25 | 100.0
            +---------+---------+-------+---------+---------+-------
